 Dungeon Crawl Stone Soup version 0.31-a0-986-g5e6e4ef867 (webtiles) character file.

Game seed: 3889365066318385659

8166 jlumianski the Grappler (level 11, 0/74 HPs)
             Began as a Gnoll Shapeshifter on Nov 24, 2023.
             Was an Elder of Hepliaklqana.
             Slain by a minotaur
             ... wielding the +1 short sword of Moapt {freeze, Dex+2}
              (27 damage)
             ... in a Gauntlet.
             The game lasted 01:10:11 (10175 turns).

jlumianski the Grappler (Gnoll Shapeshifter)       Turns: 10175, Time: 01:10:12

Health: 0/74       AC: 10    Str: 18    XL:     11   Next: 26%
Magic:  20/20      EV: 15    Int: 13    God:    Hepliaklqana [****..]
Gold:   512        SH:  0    Dex: 17    Spells: 12/22 levels left

rFire   . . .        t - +0 arbalest
rCold   + . .        (shield currently unavailable)
rNeg    . . .        x - +4 ring mail {rF+}
rPois   .            (helmet currently unavailable)
rElec   +            (cloak currently unavailable)
rCorr   .            (gloves currently unavailable)
SInv    .            (boots currently unavailable)
Will    .....        s - amulet of Fulezubrut {Faith +Inv rElec Str+3 Stlth+}
Stlth   ++++         I - +6 ring of dexterity
HPRegen 0.32/turn    g - ring of ice
MPRegen 0.17/turn

%: no teleportation, faith
@: beast-form, studying Hexes
A: beast (slay +4), reduced essence, fangs 1, strong nose, distributed training
a: Begin Untransformation, Renounce Religion, Evoke Invisibility, Recall
Ancestor, Ancestor Identity, Transference, Idealise


You were in a Gauntlet.
You worshipped Hepliaklqana.
Hepliaklqana was greatly pleased with you.
You were a hulking beast.
You visited 3 branches of the dungeon, and saw 13 of its levels.
You also visited: Gauntlet.

You collected 584 gold pieces.
You spent 72 gold pieces at shops.

Inventory:

Hand Weapons
 a - a +1 sling of draining
 d - a +0 orcbow
 m - a +1 vampiric lajatang
 t - a +0 arbalest (weapon)
 W - a +1 dagger of venom
Missiles
 e - 7 boomerangs
 f - 2 curare-tipped darts
 z - 3 throwing nets
 C - 11 poisoned darts
 U - 6 javelins
 Z - 5 darts of dispersal
Armour
 x - a +4 ring mail of fire resistance (worn)
 y - +0 steam dragon scales
 G - the +0 pair of boots "Meriniup" {Dex+3}
   (You found it in a Gauntlet)

   Dex+3:     It affects your dexterity (+3).
Magical Staves
 Q - a staff of poison
Jewellery
 g - a ring of ice (right hand)
 o - a ring of fire
 q - a ring of poison resistance
 s - the amulet of Fulezubrut (around neck) {Faith +Inv rElec Str+3 Stlth+}
   (You found it on level 2 of the Dungeon)

   [amulet of faith]

   Faith:     It allows you to gain divine favour quickly.
   Str+3:     It affects your strength (+3).
   rElec:     It insulates you from electricity.
   +Inv:      It lets you turn invisible.
   Stlth+:    It makes you more stealthy.
 u - a +6 ring of dexterity
 B - a ring of flight
 I - a +6 ring of dexterity (left hand)
 L - a ring of wizardry
Talismans
 c - a beast talisman
Wands
 l - a wand of paralysis (13)
 A - a wand of digging (8)
 O - a wand of iceblast (28)
Scrolls
 i - 5 scrolls of teleportation
 j - a scroll of fear
 r - a scroll of fog
 v - a scroll of revelation
 w - a scroll of amnesia
 N - a scroll of poison
 R - 3 scrolls of blinking
Potions
 b - 3 potions of lignification
 h - 9 potions of curing
 k - 2 potions of invisibility
 n - a potion of enlightenment
 p - 2 potions of ambrosia
 D - a potion of mutation {unknown}
 E - a potion of attraction
 F - a potion of magic
 H - 2 potions of might
 S - 2 potions of heal wounds


   Skills:
 + Level 6.8 Fighting
 + Level 6.2 Short Blades
 + Level 6.2 Long Blades
 + Level 6.2 Axes
 + Level 6.2 Maces & Flails
 + Level 6.2 Polearms
 + Level 6.2 Staves
 + Level 6.2 Ranged Weapons
 + Level 6.2 Throwing
 + Level 6.2 Armour
 + Level 7.8 Dodging
 + Level 6.2 Stealth
 + Level 6.2 Shields
 + Level 9.1 Unarmed Combat
 + Level 6.2 Spellcasting
 + Level 5.1 Conjurations
 + Level 5.2 Hexes
 + Level 5.1 Summonings
 + Level 5.1 Necromancy
 + Level 5.1 Translocations
 + Level 5.1 Transmutations
 + Level 5.1 Fire Magic
 + Level 5.1 Ice Magic
 + Level 5.1 Air Magic
 + Level 5.1 Earth Magic
 + Level 5.1 Poison Magic
 + Level 6.8 Invocations
 + Level 6.2 Evocations
 + Level 8.8 Shapeshifting


You had 12 spell levels left.
You knew the following spells:

 Your Spells              Type           Power      Damage    Failure   Level
a - Searing Ray           Conj           34%        2d5       4%          2
b - Mephitic Cloud        Conj/Pois/Air  17%        N/A       10%         3
c - Summon Guardian Gole  Hex/Summ       17%        N/A       10%         3
d - Poisonous Vapours     Pois/Air       34%        N/A       4%          2

Your spell library contained the following spells:

 Spells                   Type           Power      Damage    Failure   Level
 Magic Dart               Conj           68%        1d6       3%          1
 Lesser Beckoning         Tloc           34%        N/A       4%          2
 Gell's Gravitas          Tloc           17%        N/A       10%         3
 Teleport Other           Tloc           17%        N/A       10%         3
 Fulminant Prism          Conj/Hex       8%         3d7       32%         4
 Freezing Cloud           Conj/Ice/Air   13%        6-21      65%         5
 Orb of Destruction       Conj           8%         9d6       100%        7
 Spellforged Servitor     Conj/Summ      8%         N/A       100%        7


Dungeon Overview and Level Annotations

Branches:
Dungeon (11/15)            Temple (1/1) D:4            Lair (1/5) D:8
Gauntlet (1/1)
    Orc: D:9-12

Altars:
Ashenzari
Cheibriados
Dithmenos
Elyvilon
Fedhas
Gozag
Hepliaklqana
Kikubaaqudgha
Makhleb
Nemelex Xobeh
Okawaru
Qazlal
Ru
Sif Muna
Trog
Uskayaw
Vehumet
Wu Jian
Xom
Yredelemnul
Zin
The Shining One

Shops:
D:8 :*![:

Annotations:
D:5 2 transporters, dialectric's ghost, amateur TrWn Gauntlet 9 transporters, 14 runed translucent doors, exclusion: ice statue


Innate Abilities, Weirdness & Mutations

You are a hulking beast.
Your limbs bulge with bestial killing power. (Slay +4)
Your life essence is reduced to manifest your ancestor. (-10% HP)
You have very sharp teeth.
Your uncanny sense of smell can sniff out nearby items.
Your experience applies equally to all skills.


Message History

You swap places.
You see here a +2 mace of venom.
There is a transporter here.
Kaya is no longer moving quickly.
You see here a +2 mace of venom.
There is a transporter here.
You start resting.
The quicksilver ooze jiggles.
HP restored.
You enter the transporter and appear at another place.
You swap places.
It was a potion of enlightenment.
You feel very buoyant.
You fly up into the air.
You are starting to lose your buoyancy.
You float gracefully downwards.
Your enlightenment fades.
You swap places.
A minotaur comes into view.
It is wielding the +1 short sword of Moapt {freeze, Dex+2}, wearing the ring "Satuv" {Str+5 Int+6 Dex+2} and quivering silver javelins.
The minotaur throws a silver javelin.
The silver javelin pierces through Kaya!!
Kaya is destroyed!
The silver javelin pierces through you.
The minotaur throws a silver javelin.
The silver javelin pierces through you!!
You shoot a bolt. The bolt hits the minotaur!
The minotaur is lightly wounded.
The minotaur misses you. The minotaur gores you!
You shoot a bolt. The bolt hits the minotaur!
The minotaur is moderately wounded.
The minotaur hits you with the +1 short sword of Moapt {freeze, Dex+2}!!
* * * LOW HITPOINT WARNING * * *
The minotaur freezes you.
* * * LOW HITPOINT WARNING * * *
The minotaur barely misses you. The minotaur completely misses you.
The minotaur gores you.
* * * LOW HITPOINT WARNING * * *
You feel much better.
The minotaur hits you with the +1 short sword of Moapt {freeze, Dex+2}!!
You die...

#. ##########...#..#. ##
####........#.8.####.#..#.
#....######.#.....©#.#..#.
#.####....#.#.8.####..##.#
#.#....##.#.#...#..#..!.J=
#.#.## #.#.#.8.#..#######
#.# #H#.#...#≈........ #.#
∆ #h#...8.#∩........ #.#
#.#.#...#≈........ #.# ##
#.#.#.8.#..####### #.#
#.##.#.#...#..#....©) #.##
#....#.#.8.####.##...
#..#.##.###.#.....©#.#.###
####........#.8.####..##.#
##########...#..#....©.
#≈8≈#..#..##.#


You could see a minotaur.

Vanquished Creatures
  Joseph (D:9)
  An elephant (D:7)
  A gargoyle (D:9)
  A troll (D:5)
  2 hornets
  A raiju (Gauntlet)
  2 centaur simulacra (Gauntlet)
  7 yaks
  A steam dragon (Gauntlet)
  An acid dragon (D:10)
  2 black bears
  3 orc warriors
  An ogre (D:4)
  4 centaurs
  A phantom (D:6)
  2 kobold brigands
  2 bullfrogs (D:8)
  3 scorpions
  A hornet simulacrum (Gauntlet)
  2 wights (D:7)
  2 jellies
  A howler monkey (D:7)
  4 hounds
  5 orc priests
  2 sleepcaps
  3 iguanas
  4 orc wizards
  Natasha (twice) (D:3)
  Terence (D:3)
  12 gnolls
  4 adders
  3 shadow imps (D:5)
  A white imp (D:8)
  2 ufetubi (D:7)
  3 dart slugs
  2 worms
  21 orcs
  6 endoplasms
  3 giant cockroaches
  9 goblins
  7 hobgoblins
  4 jackals (D:2)
  18 kobolds
  6 ball pythons
  4 bats
  4 frilled lizards
  5 rats
177 creatures vanquished.

Vanquished Creatures (collateral kills)
  Maurice (D:9)
  A smoke demon (Gauntlet)
  A centaur simulacrum (Gauntlet)
  3 yaks
  A hydra simulacrum (Gauntlet)
  An ice beast (D:6)
  2 black bears
  2 centaurs
  A kobold brigand (D:9)
  2 gnoll sergeants (D:7)
  A wight (D:7)
  A hound (D:6)
  An orc priest (D:7)
  2 gnoll boudas
  2 orc wizards
  A sleepcap (D:7)
  An adder (D:6)
  7 gnolls
  A shadow imp (D:5)
  7 orcs
  2 kobolds
41 creatures vanquished.

Vanquished Creatures (others)
  A knight (Gauntlet)
  An ancestor (D:5)
2 creatures vanquished.

Grand Total: 220 creatures vanquished

Notes
Turn   | Place    | Note
-------+----------+-------------------------------------------
     0 | D:1      | jlumianski the Gnoll Shapeshifter began the quest for the
                  | Orb.
     0 | D:1      | Reached XP level 1. HP: 17/17 MP: 1/1
   201 | D:1      | Reached XP level 2. HP: 23/23 MP: 2/2
   480 | D:1      | Reached XP level 3. HP: 28/28 MP: 3/3
   520 | D:2      | Identified the amulet of Fulezubrut {Faith +Inv rElec Str+3
                  | Stlth+}
   683 | D:2      | Reached skill level 1 in Invocations
   798 | D:1      | Reached skill level 1 in Short Blades
   798 | D:1      | Reached skill level 1 in Long Blades
   798 | D:1      | Reached skill level 1 in Axes
   798 | D:1      | Reached skill level 1 in Maces & Flails
   798 | D:1      | Reached skill level 1 in Polearms
   798 | D:1      | Reached skill level 1 in Staves
   798 | D:1      | Reached skill level 1 in Ranged Weapons
   798 | D:1      | Reached skill level 1 in Throwing
   798 | D:1      | Reached skill level 1 in Armour
   798 | D:1      | Reached skill level 1 in Stealth
   798 | D:1      | Reached skill level 1 in Shields
   798 | D:1      | Reached skill level 1 in Spellcasting
   798 | D:1      | Reached skill level 1 in Evocations
   832 | D:1      | Reached XP level 4. HP: 34/34 MP: 5/5
  1051 | D:3      | Found a faded altar of an unknown god.
  1129 | D:2      | Reached skill level 1 in Conjurations
  1129 | D:2      | Reached skill level 1 in Hexes
  1129 | D:2      | Reached skill level 1 in Summonings
  1129 | D:2      | Reached skill level 1 in Necromancy
  1129 | D:2      | Reached skill level 1 in Translocations
  1129 | D:2      | Reached skill level 1 in Transmutations
  1129 | D:2      | Reached skill level 1 in Fire Magic
  1129 | D:2      | Reached skill level 1 in Ice Magic
  1129 | D:2      | Reached skill level 1 in Air Magic
  1129 | D:2      | Reached skill level 1 in Earth Magic
  1129 | D:2      | Reached skill level 1 in Poison Magic
  2039 | D:4      | Reached XP level 5. HP: 35/40 MP: 5/7
  2146 | D:3      | Noticed Terence
  2162 | D:3      | Killed Terence
  2451 | D:3      | Noticed Natasha
  2469 | D:3      | Killed Natasha
  2654 | D:3      | Noticed Natasha
  2660 | D:3      | Killed Natasha
  2661 | D:3      | Reached XP level 6. HP: 37/47 MP: 8/8
  2711 | D:5      | Entered Level 5 of the Dungeon
  2785 | D:4      | Reached skill level 5 in Dodging
  2932 | D:4      | Reached XP level 7. HP: 47/52 MP: 10/10
  2958 | D:4      | Found a shimmering altar of Xom.
  2984 | D:4      | Found a white marble altar of Elyvilon.
  3085 | D:4      | Reached skill level 7 in Unarmed Combat
  3096 | D:4      | Found a staircase to the Ecumenical Temple.
  3118 | Temple   | Entered the Ecumenical Temple
  3135 | Temple   | Became a worshipper of Hepliaklqana the Forgotten
  3675 | D:5      | Noticed a troll
  3765 | D:6      | Reached * piety under Hepliaklqana
  3895 | D:5      | Killed a troll
  3896 | D:5      | Reached XP level 8. HP: 54/54 MP: 12/12
  3971 | D:5      | Found a transporter.
  4009 | D:5      | Noticed dialectric's ghost (amateur TrWn)
  4011 | D:5      | Found a transporter.
  4061 | D:5      | Found a transporter.
  4076 | D:5      | Found a transporter.
  4949 | D:6      | Reached ** piety under Hepliaklqana
  4950 | D:6      | Remembered your ancestor Kaya as a knight
  5307 | D:6      | Reached XP level 9. HP: 57/57 MP: 14/14
  5753 | D:8      | Noticed a hornet
  5766 | D:8      | Killed a hornet
  5767 | D:8      | Reached skill level 5 in Fighting
  5993 | D:7      | Reached skill level 8 in Unarmed Combat
  6087 | D:7      | Reached skill level 5 in Invocations
  6090 | D:7      | Learned a level 2 spell: Searing Ray
  6189 | D:7      | Reached *** piety under Hepliaklqana
  6593 | D:8      | Found Kolet's Armour Boutique.
  6598 | D:8      | Found Zutoshras's Distillery.
  6612 | D:8      | Bought a potion of curing for 36 gold pieces
  6612 | D:8      | Bought a potion of curing for 36 gold pieces
  6847 | D:8      | Found Hiovyesm's Book Shoppe.
  7019 | D:8      | Found Dushegru's Assorted Antiques.
  7048 | D:8      | Noticed an elephant
  7196 | D:7      | Killed an elephant
  7197 | D:7      | Reached skill level 5 in Short Blades
  7197 | D:7      | Reached skill level 5 in Long Blades
  7197 | D:7      | Reached skill level 5 in Axes
  7197 | D:7      | Reached skill level 5 in Maces & Flails
  7197 | D:7      | Reached skill level 5 in Polearms
  7197 | D:7      | Reached skill level 5 in Staves
  7197 | D:7      | Reached skill level 5 in Ranged Weapons
  7197 | D:7      | Reached skill level 5 in Throwing
  7197 | D:7      | Reached skill level 5 in Armour
  7197 | D:7      | Reached skill level 5 in Stealth
  7197 | D:7      | Reached skill level 5 in Shields
  7197 | D:7      | Reached skill level 5 in Spellcasting
  7197 | D:7      | Reached skill level 5 in Evocations
  7197 | D:7      | Reached XP level 10. HP: 13/68 MP: 14/17
  7418 | D:8      | Found a staircase to the Lair.
  7444 | D:8      | Found Woycigya's Book Boutique.
  7563 | D:8      | Learned a level 3 spell: Mephitic Cloud
  7759 | D:9      | Noticed Joseph
  7770 | D:9      | Killed Joseph
  7939 | D:9      | Noticed a gargoyle
  7945 | D:9      | Killed a gargoyle
  8007 | D:10     | Entered Level 10 of the Dungeon
  8107 | Gauntlet | Identified the of Fekkenkal
  8107 | Lair:1   | Entered Level 1 of the Lair of Beasts
  8339 | D:9      | Reached **** piety under Hepliaklqana
  8499 | D:9      | Noticed Maurice
  8511 | D:9      | Killed Maurice
  8892 | D:9      | Reached XP level 11. HP: 74/74 MP: 17/19
  8896 | D:9      | Reached skill level 9 in Unarmed Combat
  9191 | D:10     | Reached skill level 5 in Conjurations
  9191 | D:10     | Reached skill level 5 in Hexes
  9191 | D:10     | Reached skill level 5 in Summonings
  9191 | D:10     | Reached skill level 5 in Necromancy
  9191 | D:10     | Reached skill level 5 in Translocations
  9191 | D:10     | Reached skill level 5 in Transmutations
  9191 | D:10     | Reached skill level 5 in Fire Magic
  9191 | D:10     | Reached skill level 5 in Ice Magic
  9191 | D:10     | Reached skill level 5 in Air Magic
  9191 | D:10     | Reached skill level 5 in Earth Magic
  9191 | D:10     | Reached skill level 5 in Poison Magic
  9331 | D:11     | Found a gate leading to a gauntlet.
  9344 | Gauntlet | Entered a Gauntlet
  9344 | Gauntlet | Found a transporter.
  9344 | Gauntlet | Found a transporter.
  9344 | Gauntlet | Found a large runed translucent door.
  9344 | Gauntlet | Found a large runed translucent door.
  9344 | Gauntlet | Found a large runed translucent door.
  9344 | Gauntlet | Found a large runed translucent door.
  9344 | Gauntlet | Found a large runed translucent door.
  9344 | Gauntlet | Found a large runed translucent door.
  9344 | Gauntlet | Found a runed translucent door.
  9344 | Gauntlet | Found a runed translucent door.
  9344 | Gauntlet | Found a large runed translucent door.
  9344 | Gauntlet | Found a large runed translucent door.
  9344 | Gauntlet | Found a large runed translucent door.
  9344 | Gauntlet | Found a large runed translucent door.
  9344 | Gauntlet | Found a large runed translucent door.
  9344 | Gauntlet | Found a large runed translucent door.
  9348 | Gauntlet | Found a transporter.
  9348 | Gauntlet | Found a transporter.
  9367 | Gauntlet | Found a transporter.
  9385 | Gauntlet | Found a transporter.
  9387 | Gauntlet | Noticed a sixfirhy
  9429 | Gauntlet | Found a large runed translucent door.
  9429 | Gauntlet | Found a large runed translucent door.
  9430 | Gauntlet | Found a runed translucent gate.
  9430 | Gauntlet | Found a runed translucent gate.
  9430 | Gauntlet | Found a runed translucent gate.
  9432 | Gauntlet | Found a transporter.
  9444 | Gauntlet | Found a large runed translucent door.
  9445 | Gauntlet | Found a large runed translucent door.
  9450 | Gauntlet | Found a transporter.
  9459 | Gauntlet | Noticed a sun demon
  9469 | Gauntlet | Found a transporter.
  9483 | Gauntlet | Found a transporter.
  9505 | Gauntlet | Found a transporter.
  9594 | Gauntlet | Found a transporter.
  9596 | Gauntlet | Found a transporter.
  9599 | Gauntlet | Noticed a quicksilver ooze
  9605 | Gauntlet | Found a transporter.
  9608 | Gauntlet | Found a transporter.
  9772 | Gauntlet | Learned a level 3 spell: Summon Guardian Golem
  9986 | Gauntlet | Learned a level 2 spell: Poisonous Vapours
 10026 | Gauntlet | Identified the +0 pair of boots "Meriniup" {Dex+3}
 10165 | Gauntlet | Identified the +1 short sword of Moapt {freeze, Dex+2}
 10165 | Gauntlet | Identified the ring "Satuv" {Str+5 Int+6 Dex+2}
 10165 | Gauntlet | Noticed a minotaur
 10175 | Gauntlet | Slain by a minotaur

Illustrated notes

Levels and vault maps discovered:
D:1:      onia_arrival_pyramid, layout_rooms
D:2:      layout_loops_ring
D:3:      layout_loops_ring, shapermc_ecumenical_altar_mp_urbaneastern,
          uniq_natasha, uniq_terence
D:4:      layout_loops_cross, mainiacjoe_overflow_two_lobes,
          minmay_temple_entry_arrows, nicolae_figureground_sparkle
D:5:      gammafunk_wand_slinger, layout_loops_ring, gammafunk_ghost_mausoleum,
          kennysheep_generic_room_7
D:6:      layout_basic
D:7:      layout_loops_corners
D:8:      layout_gridville, david_lair_generic, serial_shops, shop, shop, shop,
          nicolae_book_shop_shelving, shop, hex_large, nicolae_nh_ransacked_shop
D:9:      layout_basic, uniq_maurice, uniq_joseph
D:10:     layout_long_grid, minmay_crystal_room
D:11:     layout_grid_maze, gauntlet_entry_generic,
          nicolae_gozag_conspicuous_consumption, uniq_harold, uniq_sonja
Temple:   nicolae_temple_bog_church
Lair:1:   layout_chaotic_city, dreamdust_mushroom_princess
Gauntlet: gammafunk_gauntlet_branching [gammafunk_gauntlet_arena_mazey,
          minmay_gauntlet_arena_make_your_own_arena,
          gammafunk_gauntlet_arena_teeth, nicolae_gauntlet_arena_t_cross,
          nicolae_gauntlet_arena_grate_2, gammafunk_gauntlet_arena_crates,
          nicolae_gauntlet_arena_quarters, gammafunk_gauntlet_arena_corners,
          dreamdust_gauntlet_exit_labyrinth]

Skill      XL: |  1  2  3  4  5  6  7  8  9 10 11 |
---------------+----------------------------------+-----
Invocations    | 1 2 3 4 5 6 |  6.8
Short Blades   | 1 2 3 5 6 |  6.2
Long Blades    | 1 2 3 5 6 |  6.2
Axes           | 1 2 3 5 6 |  6.2
Maces & Flails | 1 2 3 5 6 |  6.2
Polearms       | 1 2 3 5 6 |  6.2
Staves         | 1 2 3 5 6 |  6.2
Ranged Weapons | 1 2 3 5 6 |  6.2
Throwing       | 1 2 3 5 6 |  6.2
Armour         | 1 2 3 5 6 |  6.2
Stealth        | 1 2 3 5 6 |  6.2
Shields        | 1 2 3 5 6 |  6.2
Spellcasting   | 1 2 3 5 6 |  6.2
Evocations     | 1 2 3 5 6 |  6.2
Conjurations   | 1 2 3 4 5 |  5.1
Hexes          | 1 2 3 4 5 |  5.2
Summonings     | 1 2 3 4 5 |  5.1
Necromancy     | 1 2 3 4 5 |  5.1
Translocations | 1 2 3 4 5 |  5.1
Transmutations | 1 2 3 4 5 |  5.1
Fire Magic     | 1 2 3 4 5 |  5.1
Ice Magic      | 1 2 3 4 5 |  5.1
Air Magic      | 1 2 3 4 5 |  5.1
Earth Magic    | 1 2 3 4 5 |  5.1
Poison Magic   | 1 2 3 4 5 |  5.1
Fighting       | 3 4 5 6 |  6.8
Dodging        | 5 6 7 |  7.8
Unarmed Combat | 7 8 9 |  9.1
Shapeshifting  | 7 8 |  8.8

Action                     |  1- 3 |  4- 6 |  7- 9 | 10-12 || total
---------------------------+-------+-------+-------+-------++-------
  Melee: Unarmed           |    68 |   114 |    40 |     9 ||   231
         Bite              |     6 |    11 |    12 |     6 ||    35
         Punch             |     1 |     4 |     1 |       ||     6
         Short sword       |       |       |     5 |       ||     5
         Dagger            |       |       |     9 |       ||     9
         Lajatang          |       |       |       |    22 ||    22
   Fire: Shortbow          |       |       |   203 |    24 ||   227
         Arbalest          |       |       |       |    38 ||    38
         Orcbow            |       |       |       |    16 ||    16
         Sling             |       |       |       |    12 ||    12
  Throw: Dart              |       |     4 |       |       ||     4
         Boomerang         |       |     3 |       |     4 ||     7
   Cast: Searing Ray       |       |       |     1 |     1 ||     2
         Mephitic Cloud    |       |       |       |     4 ||     4
         Summon Guardian G |       |       |       |     1 ||     1
 Invoke: Ancestor Life: Kn |       |       |     1 |       ||     1
         Recall Ancestor   |       |       |     3 |     1 ||     4
         Transference      |       |       |     1 |       ||     1
Ability: Evoke Invisibilit |       |       |     1 |       ||     1
  Evoke: Wand              |       |       |     4 |     1 ||     5
    Use: Scroll            |       |     5 |     9 |     5 ||    19
         Potion            |       |     1 |       |     4 ||     5
   Stab: Sleeping          |     1 |     5 |     1 |     1 ||     8
         Distracted        |       |       |       |     1 ||     1
 Armour: Animal skin       |     3 |       |       |       ||     3
         Ring mail         |    39 |    43 |    52 |    41 ||   175
  Dodge: Dodged            |    51 |    54 |    79 |    47 ||   231

Table legend: (Time is in decaauts)
 A = Elapsed time spent in this place.
 B = Non-inter-level travel time spent in this place.
 C = Inter-level travel time spent in this place.
 D = Time resting spent in this place.
 E = Time spent auto-exploring this place.
 F = Levels seen in this place.
 G = Mean time per level.
                   A        B        C        D        E       F      G
               +--------+--------+--------+--------+--------+-----+--------+
         Total |  10245 |   9791 |    454 |    751 |   4571 |  14 |  731.8 |
       Dungeon |   9360 |   8908 |    452 |    615 |   4486 |  11 |  850.9 |
        Temple |     42 |     42 |      0 |      0 |      0 |   1 |   42.0 |
          Lair |      4 |      2 |      2 |      0 |      0 |   1 |    4.0 |
      Gauntlet |    838 |    838 |      0 |    136 |     85 |   1 |  838.0 |
               +--------+--------+--------+--------+--------+-----+--------+

Top non-repeatable levels by time:
     D:7: 1309 daAuts
     D:8: 1265 daAuts
     D:5: 1132 daAuts
     D:4: 1090 daAuts
     D:2: 951 daAuts
     D:3: 872 daAuts
Gauntlet: 838 daAuts
     D:9: 748 daAuts
     D:6: 700 daAuts
     D:1: 683 daAuts
    D:10: 591 daAuts
  Temple: 42 daAuts
    D:11: 14 daAuts
  Lair:1: 4 daAuts
